 Dungeon Crawl Stone Soup version 0.31-a0-1591-g515db51633 (webtiles) character file.

Game seed: 4303958166802105567

123655 croobank the Convoker (level 16, -6/80 HPs)
             Began as a Felid Summoner on Jan 6, 2024.
             Was an Initiate of Kikubaaqudgha.
             Shot with an arrow by Vashnia (32 damage)
             ... on level 2 of the Snake Pit.
             The game lasted 03:30:47 (38157 turns).

croobank the Convoker (Felid Summoner)             Turns: 38157, Time: 03:30:48

Health: -6/80      AC:  3    Str:  4    XL:     16   Next: 37%
Magic:  30/44      EV: 26    Int: 26    God:    Kikubaaqudgha [......]
Gold:   1726       SH:  0    Dex: 18    Spells: 1/43 levels left
                                        Lives:  0   Deaths: 6

rFire   . . .        (weapon unavailable)
rCold   + . .        (shield unavailable)
rNeg    . . .        (body armour unavailable)
rPois   .            (helmet unavailable)
rElec   .            (cloak unavailable)
rCorr   .            (gloves unavailable)
SInv    +            (boots unavailable)
Will    +++..        o - amulet of magic regeneration
Stlth   ++++         g - ring of willpower
HPRegen 0.33/turn    I - ring of magical power
MPRegen 0.69/turn

%: no passive effects
@: lethally poisoned (-6 -> -14), silenced, forested
A: very small, claws 1, fangs 3, see invisible, shaggy fur 3, stealthy paws, no
weapons or thrown items, no armour, multi-lived
a: Renounce Religion


You were on level 2 of the Snake Pit.
You worshipped Kikubaaqudgha.
Kikubaaqudgha was noncommittal.
You visited 5 branches of the dungeon, and saw 25 of its levels.
You also visited: Volcano.

You collected 2952 gold pieces.
You spent 1226 gold pieces at shops.

Inventory:

Jewellery
 d - a +6 ring of strength
 e - a +5 ring of evasion
 g - a ring of willpower (left paw)
 i - a ring of ice
 j - a ring of resist corrosion
 k - a ring of protection from fire
 o - an amulet of magic regeneration (around neck)
 q - a ring of flight
 r - a ring of protection from cold
 u - an amulet of guardian spirit
 y - a ring of poison resistance
 B - an amulet of reflection
 H - an amulet of regeneration
 I - a ring of magical power (right paw)
Wands
 a - a wand of light (5)
 f - a wand of polymorph (3)
 h - a wand of digging (2)
 m - a wand of flame (36)
Scrolls
 c - 5 scrolls of poison
 p - 4 scrolls of teleportation
 x - 2 scrolls of revelation
 z - 2 scrolls of fog
 C - 2 scrolls of amnesia
 F - 9 scrolls of identify
 M - a scroll of torment
 O - a scroll of immolation
Potions
 b - 3 potions of mutation
 l - 5 potions of brilliance
 n - a potion of cancellation
 s - 4 potions of enlightenment
 t - a potion of attraction
 w - 2 potions of lignification
 G - a potion of invisibility
 J - a potion of resistance
 K - a potion of berserk rage
 N - a potion of ambrosia
Miscellaneous
 v - a phial of floods (inert)
 E - a lightning rod (4/4)


   Skills:
 - Level 7.0 Fighting
 - Level 12.0 Dodging
 - Level 10.4 Stealth
 - Level 14.0 Spellcasting
 - Level 5.0 Hexes
 - Level 15.0 Summonings
 + Level 14.2 Necromancy
 - Level 5.0 Translocations
 - Level 5.0 Fire Magic
 - Level 7.0 Air Magic


You had one spell level left.
You knew the following spells:

 Your Spells              Type           Power      Damage    Failure   Level
b - Call Imp              Summ           100%       N/A       0%          2
c - Call Canine Familiar  Summ           77%        N/A       1%          3
d - Summon Blazeheart Go  Fire/Summ      63%        N/A       1%          4
e - Summon Lightning Spi  Summ/Air       66%        N/A       1%          4
g - Summon Forest         Summ/Tloc      31%        N/A       1%          5
j - Summon Hydra          Summ           38%        N/A       5%          7
A - Animate Dead          Necr           75%        N/A       1%          4
D - Death Channel         Necr           37%        N/A       1%          6
M - Mephitic Cloud        Conj/Alch/Air  30%        N/A       3%          3
N - Anguish               Hex/Necr       31%        N/A       1%          4

Your spell library contained the following spells:

 Spells                   Type           Power      Damage    Failure   Level
 Summon Small Mammal      Summ           100%       N/A       0%          1
 Foxfire                  Conj/Fire      100%       2x1d9     1%          1
 Kiss of Death            Conj/Necr      100%       2d13      1%          1
 Sandblast                Erth           36%        2d10      3%          1
 Sublimation of Blood     Necr           75%        N/A       0%          2
 Blink                    Tloc           88%        N/A       1%          2
 Cigotuvi's Dreadful Rot  Necr/Alch/Air  100%       N/A       1%          2
 Ensorcelled Hibernation  Hex/Ice        62%        N/A       1%          2
 Lesser Beckoning         Tloc           88%        N/A       1%          2
 Mercury Vapours          Alch/Air       72%        N/A       1%          2
 Momentum Strike          Conj/Tloc      62%        3d9       1%          2
 Fugue of the Fallen      Necr           75%        N/A       1%          3
 Inner Flame              Hex/Fire       44%        N/A       1%          3
 Vampiric Draining        Necr           75%        2d11      1%          3
 Volatile Blastmotes      Fire/Tloc      88%        2d17      1%          3
 Dispel Undead            Necr           75%        3d25      1%          4
 Curse of Agony           Necr           75%        N/A       1%          5
 Dazzling Flash           Conj/Hex       62%        N/A       3%          3
 Silence                  Hex/Air        24%        N/A       7%          5
 Passwall                 Erth           18%        N/A       9%          3
 Stone Arrow              Conj/Erth      36%        3d9       9%          3
 Iskenderun's Mystic Bla  Conj/Tloc      31%        2d8       11%         4
 Brom's Barrelling Bould  Conj/Erth      18%        2d4       30%         4
 Fulminant Prism          Conj/Alch      9%         3d7       30%         4
 Fireball                 Conj/Fire      15%        3d8       30%         5
 Freezing Cloud           Conj/Ice/Air   15%        6-21      32%         5
 Plasma Beam              Fire/Air       24%        2x1d36    36%         6
 Irradiate                Conj/Alch      9%         3d14      63%         5
 Iskenderun's Battlesphe  Conj           18%        2d7       63%         5
 Conjure Ball Lightning   Conj/Air       18%        3x3d6     73%         6
 Spellforged Servitor     Conj/Summ      27%        N/A       75%         7
 Starburst                Conj/Fire      15%        6d6       86%         6
 Orb of Destruction       Conj           9%         9d6       100%        7
 Ignition                 Fire           22%        3d8       100%        8
 Chain Lightning          Conj/Air       18%        3d24      100%        9
 Animate Armour           Summ/Erth      Unusable   N/A       N/A         4

Dungeon Overview and Level Annotations

Branches:
Dungeon (15/15)            Temple (1/1) D:6            Lair (5/5) D:10
  Swamp (0/4) Lair:3        Snake (2/4) Lair:2        Slime (0/5) Lair:4
    Orc (2/2) D:9             Elf (0/3) Orc:2        Vaults (0/5) D:13
 Depths (0/4) D:15        Volcano (visited)

Altars:
Ashenzari
Cheibriados
Dithmenos
Elyvilon
Fedhas
Gozag
Hepliaklqana
Kikubaaqudgha
Makhleb
Nemelex Xobeh
Okawaru
Qazlal
Ru
Sif Muna
Trog
Uskayaw
Vehumet
Wu Jian
Xom
Yredelemnul
Zin
The Shining One
Jiyva

Shops:
D:4 [   D:7 (   D:14 **   Orc:2 ?[:*   Snake:2 [

Portals:
Trove: D:14 (give 8 potions of haste)

Annotations:
D:7 1 transporter
Snake:1 exclusion: downstairs
Snake:2 !Vashnia, Vashnia


Innate Abilities, Weirdness & Mutations

You have sharp claws.
You have razor-sharp teeth.
You have supernaturally acute eyesight. (SInv)
Your thick and shaggy fur keeps you warm. (AC +3, rC+)
Your paws help you pounce on unaware monsters.
You are incapable of wielding weapons or throwing items.
You cannot wear armour.
You gain extra lives every three experience levels.


Message History

Casting: Summon Forest (dangerous; 1% risk of failure)
Confirm with . or Enter, or press ? or * to list all spells.
An electric hum fills the air.
Branches wave dangerously above you.
You swap places.
You hear a bow twang.
An arrow appears from out of your range of vision.
The arrow hits your spectral naga!!
Your spectral naga is destroyed!
You swap places.
Your unholy channel is weakening.
Vashnia shoots an arrow.
The arrow barely misses you.
The arrow hits your seven-headed hydra!!
As you read the scroll of silence, it crumbles to dust.
A profound silence engulfs you.
Vashnia shoots an arrow.
The arrow misses you.
The arrow barely misses your seven-headed hydra.
Vashnia spits poison at you. The splash of poison hits you!!
You are poisoned.
You swap places.
You feel extremely sick.
Your seven-headed hydra disappears in a puff of smoke!
Vashnia mumbles some strange words.
Vashnia magically shoots an arrow.
The arrow completely misses you.
Your unholy channel expires.
You feel very sick.
Your seven-headed hydra disappears in a puff of smoke!
Vashnia shoots an arrow.
The arrow barely misses you.
You swap places.
You feel very sick.
You feel very sick.
A tree reaches out and hits Vashnia!
A bolt appears from out of your range of vision.
The bolt hits your dryad!!
You feel very sick.
A tree reaches out and hits the naga sharpshooter!
A tree reaches out and hits Vashnia!
Vashnia shoots an arrow.
The arrow hits you!!
You die...
Kikubaaqudgha rasps: "You have failed me!
Welcome... death!"

########## ######
#........# #....♣
#........###♣.♣..##
.........'..'.♣..>#
#........####.....♣ ##
#........# #.♣...♣ ...
)######### #.8...# ....
)≈## ♣..RZ.#♣.≈~~. ~≈≈#
### ♣...@...≈≈≈~. ~~≈#
#<##♣♣###.##≈~≈~.
..(######Z#....^.NN..~♣~#
........#.#.#####.♣#♣##.#
≈~≈.....♣.#.# #.♣ #
≈≈~~##♣.#.#.# #.# ≈≈≈≈#
#.....# #.# ≈≈≈≈#
#...#######.# ≈≈≈##
#...).......#


You could see Vashnia (catching breath), a naga sharpshooter (distracted), a
friendly lightning spire (summoned, unsilenced), a friendly dryad (summoned) and
a friendly black mamba zombie.

Vanquished Creatures
  Rupert (D:12)
  Agnes (Snake:2)
  An orc warlord (Orc:1)
  Fannar (Lair:3)
  4 hydras
  3 boulder beetles
  5 two-headed ogres
  A naga warrior (Snake:2)
  A tengu warrior (D:14)
  An orc high priest (Orc:1)
  3 skysharks (Lair:5)
  Amaemon (Lair:3)
  A spriggan druid (Lair:3)
  Lodul (D:12)
  A mana viper (Snake:2)
  An arcanist (D:9)
  2 lindwurms (Volcano)
  A deep elf pyromancer (D:15)
  4 orc knights (Orc:2)
  3 ugly things
  Maurice (D:8)
  4 salamanders
  5 large abominations (D:9)
  3 cyclopes
  An orc sorcerer (Orc:2)
  4 kobold blastminers
  2 meliai
  3 elephants (Lair:5)
  A black mamba (Lair:5)
  A naga mage (Snake:1)
  A gargoyle (D:13)
  An unseen horror (D:11)
  3 cane toads
  A kobold demonologist (D:13)
  A yaktaur (D:13)
  A komodo dragon (Lair:3)
  A freezing wraith (D:14)
  A queen bee (D:8)
  9 trolls
  A polar bear (Lair:4)
  3 nameless horrors
  A wraith (D:10)
  5 small abominations (D:9)
  19 yaks
  2 wyverns (Lair:1)
  3 wargs (Orc:1)
  Menkaure (D:4)
  4 vampire mosquitoes
  An elf zombie (Lair:3)
  A cane toad zombie (Lair:4)
  2 acid dragons
  2 water moccasins
  15 orc warriors
  A wolf (Lair:1)
  9 ogres
  3 centaurs
  3 bullfrogs
  A cyclops zombie (D:12)
  A water moccasin zombie (Lair:2)
  A scorpion (D:6)
  3 wights
  8 killer bees
  3 electric eels
  A bombardier beetle (D:6)
  4 howler monkeys
  2 bullfrog zombies (Lair:3)
  An orc priest (D:7)
  5 orc wizards
  A killer bee zombie (D:10)
  2 gnolls (D:7)
  2 adders
  3 white imps
  2 orc zombies (Orc:2)
  2 dart slugs
  8 orcs
  2 ball pythons
  A bat (D:1)
  2 endoplasms
  10 goblins
  5 hobgoblins
  4 frilled lizards
  3 kobolds
234 creatures vanquished.

Vanquished Creatures (collateral kills)
  Aizul (Snake:1)
  A nagaraja (Snake:2)
  Nessos (D:15)
  Snorg (Orc:2)
  A fire dragon (Volcano)
  The ghost of justen the Covert, a journeyman OpSh of Ashenzari (D:11)
  A yaktaur captain (D:13)
  2 hydras
  A rakshasa (D:15)
  An ogre mage (D:15)
  3 catoblepae
  A centaur warrior (D:15)
  Erica (Orc:1)
  A boulder beetle (Orc:2)
  4 anacondas
  6 two-headed ogres
  3 death yaks (Lair:1)
  A tengu warrior (D:15)
  3 orc high priests (Orc:2)
  5 naga sharpshooters
  6 naga warriors
  An occultist (D:15)
  2 sun demons (Volcano)
  2 shock serpents (Snake:1)
  2 sea snakes (Snake:2)
  A spriggan druid (Lair:3)
  4 mana vipers (Snake:1)
  3 orc knights
  A naga ritualist (Snake:1)
  2 lindwurms
  A necromancer (D:15)
  A deep elf pyromancer (D:9)
  3 orc sorcerers
  A manticore (D:14)
  14 ugly things
  2 cyclopes (D:14)
  A salamander (Snake:2)
  10 black mambas
  3 guardian serpents (Snake:1)
  4 elephants (Lair:5)
  6 kobold blastminers
  2 torpor snails (Lair:1)
  2 naga magi (Snake:1)
  A centaur zombie (D:15)
  An orange demon (Lair:3)
  2 smoke demons (Volcano)
  A kobold demonologist (D:11)
  9 komodo dragons
  13 cane toads
  Jeremiah (D:7)
  An efreet (D:14)
  2 freezing wraiths (D:14)
  A yaktaur (D:13)
  3 rime drakes (Lair:5)
  5 tengu conjurers
  2 burning bushes (Lair:5)
  A polar bear (Lair:2)
  2 trolls
  2 tyrant leeches (Lair:5)
  A hornet (D:9)
  7 blink frogs (Lair:5)
  Grinder (D:6)
  9 dream sheep
  A meliai zombie (D:15)
  4 slime creatures (D:15)
  A wyvern (Lair:5)
  3 centaur simulacra (D:15)
  A vampire (D:12)
  Sigmund (D:3)
  2 wraiths
  3 fire bats (D:7)
  2 shadows
  20 yaks
  5 basilisks
  A warg (Orc:1)
  7 steam dragons
  8 vampire mosquitoes
  18 nagas
  2 hell hounds (Volcano)
  2 acid dragons
  10 water moccasins
  21 orc warriors
  An ice beast (D:6)
  A black bear (D:5)
  4 laughing skulls
  6 ogres
  A wolf (shapeshifter) (D:15)
  4 wolves
  4 centaurs
  2 small abominations (D:9)
  A phantom (D:4)
  3 kobold brigands
  5 nameless horrors
  18 bullfrogs
  2 scorpions
  5 wights
  13 killer bees
  A howler monkey (D:11)
  An electric eel (Snake:1)
  3 hounds
  18 orc priests
  A bombardier beetle (D:7)
  A gnoll bouda (D:8)
  5 iguanas
  Ijyb (D:4)
  A sleepcap (D:5)
  18 orc wizards
  Robin (D:4)
  5 adders
  8 gnolls
  A shadow imp (D:8)
  11 white imps
  2 ufetubi (D:6)
  3 dart slugs
  77 orcs
  5 endoplasms
  A giant cockroach (D:1)
  12 goblins
  4 hobgoblins
  3 jackals (D:3)
  6 kobolds
  3 quokkas
  4 ball pythons
  5 bats
  3 frilled lizards
  An orc zombie (Orc:2)
  2 rats
567 creatures vanquished.

Vanquished Creatures (others)
  An orc warlord (Orc:1)
  2 centaur warriors (D:15)
  A two-headed ogre (D:7)
  A naga warrior (Snake:2)
  2 tengu warriors (D:15)
  A shock serpent (shapeshifter) (D:14)
  3 guardian serpent zombies (Snake:1)
  4 naga sharpshooters (Snake:2)
  An anaconda zombie (Snake:1)
  5 lindwurms (Volcano)
  An orc knight (Orc:2)
  An orc sorcerer (Orc:1)
  A manticore (D:13)
  An ugly thing (D:15)
  6 salamanders (Volcano)
  2 shock serpent zombies (Snake:1)
  A kobold blastminer (Orc:1)
  2 naga magi
  A black mamba (Lair:5)
  A mana viper zombie (Snake:2)
  A catoblepas zombie (D:15)
  A death yak zombie (Lair:1)
  A tengu conjurer (D:15)
  A hydra zombie (Lair:5)
  A troll (D:7)
  A blink frog (Lair:5)
  A meliai zombie (D:13)
  2 black mamba zombies
  A wyvern (D:7)
  A tyrant leech zombie (Lair:5)
  A warg (Orc:2)
  A cane toad zombie (Lair:5)
  5 two-headed ogre zombies
  A naga (Snake:1)
  A human zombie (D:15)
  7 orc warriors
  A black bear (D:15)
  A black bear (shapeshifter) (D:15)
  3 dream sheep zombies (Lair:5)
  An octopode zombie (Orc:1)
  3 lindwurm zombies (Volcano)
  A blink frog zombie (Lair:5)
  An ogre (Orc:2)
  A rime drake zombie (Lair:5)
  3 salamander zombies (Volcano)
  A bullfrog (D:15)
  3 kobold zombies
  2 warg zombies
  2 hell hound zombies (Volcano)
  A scorpion (Lair:5)
  3 water moccasin zombies
  A demonspawn zombie (Lair:3)
  4 troll zombies
  3 tengu zombies
  2 electric eels (Snake:1)
  A wolf zombie (Lair:5)
  A bullfrog zombie (D:15)
  4 centaur zombies
  An orc priest (D:15)
  2 black bear zombies (D:15)
  A scorpion zombie (Lair:5)
  An orc wizard (Orc:1)
  9 naga zombies
  2 ogre zombies (D:15)
  An adder (D:15)
  2 adder zombies
  2 gnoll zombies (D:7)
  A dart slug zombie (D:15)
  A frilled lizard zombie (D:15)
  A goblin (D:7)
  64 orc zombies
  107 blazeheart cores
  3 snaplasher vines
306 creatures vanquished.

Grand Total: 1107 creatures vanquished

Notes
Turn   | Place    | Note
-------+----------+-------------------------------------------
     0 | D:1      | croobank the Felid Summoner began the quest for the Orb.
     0 | D:1      | Reached XP level 1. HP: 9/9 MP: 4/4
   260 | D:1      | Reached XP level 2. HP: 10/13 MP: 4/6
   267 | D:1      | Learned a level 2 spell: Call Imp
   353 | D:1      | You fall into a shaft and drop 1 floor!
  1399 | D:2      | Reached XP level 3. HP: 17/17 MP: 1/7
  1404 | D:2      | Learned a level 3 spell: Call Canine Familiar
  1992 | D:3      | Reached skill level 1 in Fighting
  1992 | D:3      | Reached XP level 4. HP: 12/22 MP: 0/8
  1992 | D:3      | Gained a life (2 lives remaining)
  2470 | D:3      | Noticed Sigmund
  2911 | D:4      | Reached skill level 1 in Necromancy
  2915 | D:4      | Noticed a bullfrog
  2923 | D:4      | Killed a bullfrog
  2924 | D:4      | Reached XP level 5. HP: 13/25 MP: 5/10
  2997 | D:4      | Noticed Ijyb
  3027 | D:4      | Noticed an ogre
  3032 | D:4      | Killed Ijyb
  3036 | D:4      | Killed an ogre
  3037 | D:4      | Gained mutation: You are covered in thick fur. (AC +2)
                  | [Felid growth]
  3037 | D:4      | Reached XP level 6. HP: 19/30 MP: 2/11
  3044 | D:4      | Learned a level 4 spell: Summon Blazeheart Golem
  3291 | D:4      | Reached skill level 5 in Stealth
  3749 | D:4      | Found Emom's Antique Armour Shop.
  4076 | D:4      | Noticed Robin
  4076 | D:4      | Noticed Menkaure
  4095 | D:4      | Killed Robin
  4098 | D:4      | Killed Menkaure
  4099 | D:4      | Reached skill level 5 in Dodging
  4099 | D:4      | Reached skill level 5 in Summonings
  4099 | D:4      | Reached XP level 7. HP: 12/35 MP: 3/13
  4251 | D:5      | Entered Level 5 of the Dungeon
  4627 | D:5      | Noticed a nameless horror
  4662 | D:5      | Slain by a nameless horror
  4662 | D:5      | Lost a life (1 life remaining)
  5388 | D:5      | Reached XP level 8. HP: 40/40 MP: 9/15
  5388 | D:5      | Gained a life (2 lives remaining)
  5823 | D:6      | Noticed Grinder
  5830 | D:6      | Learned a level 4 spell: Summon Lightning Spire
  6074 | D:6      | Reached skill level 1 in Fire Magic
  6150 | D:6      | Found a staircase to the Ecumenical Temple.
  6400 | Temple   | Entered the Ecumenical Temple
  6795 | D:7      | Found Silud's Weapon Shop.
  6804 | D:7      | Reached skill level 1 in Air Magic
  7078 | D:7      | Reached skill level 6 in Summonings
  7084 | D:7      | Noticed a nameless horror
  7092 | D:7      | Killed a nameless horror
  7095 | D:7      | HP: 2/63 [orc/+0 whip (5)]
  7410 | D:7      | Noticed Jeremiah
  7557 | D:7      | Found a transporter.
  7588 | D:7      | Found a transporter.
  8042 | D:8      | Reached XP level 9. HP: 46/46 MP: 5/17
  8053 | D:7      | Noticed a nameless horror
  8559 | D:7      | Killed a nameless horror
  9006 | D:8      | Noticed a two-headed ogre
  9013 | D:8      | Killed a two-headed ogre
  9014 | D:8      | Reached skill level 5 in Fighting
  9014 | D:8      | Reached skill level 5 in Spellcasting
  9313 | D:8      | Noticed Maurice
  9321 | D:8      | Killed Maurice
  9799 | D:8      | Reached XP level 10. HP: 51/51 MP: 13/19
 10124 | D:8      | Reached skill level 7 in Summonings
 10651 | D:9      | Found a staircase to the Orcish Mines.
 10769 | D:9      | Found a bloodstained altar of Trog.
 10771 | D:9      | Found a shadowy altar of Dithmenos.
 10771 | D:9      | Found a sacrificial altar of Ru.
 10771 | D:9      | Found an opulent altar of Gozag.
 10772 | D:9      | Found a white marble altar of Elyvilon.
 10772 | D:9      | Found a burning altar of Makhleb.
 10773 | D:9      | Found a glowing golden altar of the Shining One.
 10773 | D:9      | Found a shimmering altar of Xom.
 10773 | D:9      | Found an ancient bone altar of Kikubaaqudgha.
 10781 | D:9      | Became a worshipper of Kikubaaqudgha
 10868 | D:9      | Noticed a deep elf pyromancer
 10875 | D:9      | Killed a deep elf pyromancer
 10944 | D:9      | Found a shimmering blue altar of Sif Muna.
 11319 | D:9      | Noticed an arcanist
 11330 | D:9      | Killed an arcanist
 11438 | D:9      | Noticed a large abomination
 11438 | D:9      | Noticed a large abomination
 11438 | D:9      | Noticed a large abomination
 11438 | D:9      | Noticed a large abomination
 11459 | D:9      | Killed a large abomination
 11466 | D:9      | Killed a large abomination
 11467 | D:9      | Reached XP level 11. HP: 37/58 MP: 11/21
 11477 | D:9      | Noticed a large abomination
 11491 | D:9      | Reached skill level 10 in Stealth
 11504 | D:9      | Killed a large abomination
 12793 | D:10     | Entered Level 10 of the Dungeon
 12880 | D:10     | Noticed a two-headed ogre
 12889 | D:10     | Killed a two-headed ogre
 12890 | D:10     | Reached skill level 5 in Fire Magic
 13041 | D:10     | Reached * piety under Kikubaaqudgha
 13041 | D:10     | Received a gift from Kikubaaqudgha
 13065 | D:10     | Learned a level 4 spell: Animate Dead
 13145 | D:10     | Reached skill level 8 in Summonings
 13161 | D:10     | Reached skill level 5 in Air Magic
 13262 | D:10     | Found a staircase to the Lair.
 14047 | D:10     | Reached skill level 5 in Necromancy
 14085 | D:10     | Reached skill level 10 in Dodging
 14556 | D:11     | Noticed justen's ghost (journeyman OpSh)
 14577 | D:11     | Found a runed translucent door.
 14593 | D:11     | Noticed a two-headed ogre
 14607 | D:11     | Killed a two-headed ogre
 15107 | D:11     | Noticed a sun demon
 15962 | D:12     | Noticed Lodul
 15970 | D:12     | Killed Lodul
 15971 | D:12     | Gained mutation: Your thick and shaggy fur keeps you warm.
                  | (AC +3, rC+) [Felid growth]
 15971 | D:12     | Reached XP level 12. HP: 32/63 MP: 24/24
 16094 | D:12     | Noticed Rupert
 16115 | D:12     | Killed Rupert
 16281 | D:12     | Noticed a two-headed ogre
 16291 | D:12     | Killed a two-headed ogre
 16292 | D:12     | Reached skill level 9 in Summonings
 17186 | Lair:1   | Entered Level 1 of the Lair of Beasts
 17222 | Lair:1   | Noticed a death yak
 17279 | Lair:1   | Reached ** piety under Kikubaaqudgha
 17510 | Lair:1   | Noticed a death yak
 17518 | Lair:1   | Noticed a death yak
 17520 | Lair:1   | Killed a death yak
 17522 | Lair:1   | Killed a death yak
 17530 | Lair:1   | Killed a death yak
 17905 | Lair:1   | Found a snail-covered altar of Cheibriados.
 18153 | Lair:1   | Upgraded the game from 0.31-a0-1589-g8f5e8aebd6 to
                  | 0.31-a0-1591-g515db51633
 18168 | Lair:2   | Noticed a catoblepas
 18182 | Lair:2   | Killed a catoblepas
 18407 | Lair:2   | Noticed a four-headed hydra
 18416 | Lair:2   | Killed a four-headed hydra
 18417 | Lair:2   | Reached skill level 10 in Summonings
 18422 | Lair:2   | Found a staircase to the Snake Pit.
 18952 | Lair:3   | Noticed Fannar
 18964 | Lair:3   | Killed Fannar
 18965 | Lair:3   | Reached XP level 13. HP: 56/67 MP: 16/26
 19202 | Lair:3   | Noticed Amaemon
 19222 | Lair:3   | Your ally Fannar died
 19355 | Lair:3   | Killed Amaemon
 19355 | Lair:3   | Reached *** piety under Kikubaaqudgha
 19355 | Lair:3   | Received a gift from Kikubaaqudgha
 19363 | Lair:3   | Learned a level 6 spell: Death Channel
 19721 | Lair:3   | Found a staircase to the Swamp.
 19727 | Lair:3   | Your ally Amaemon died
 21112 | D:3      | Killed Sigmund
 21345 | D:6      | Killed Grinder
 22176 | D:7      | Killed Jeremiah
 22615 | D:7      | Engulfed by a cloud of flame
 22615 | D:7      | Lost a life (1 life remaining)
 22705 | D:11     | Killed justen's ghost
 22945 | Lair:4   | Found a viscous altar of Jiyva.
 22945 | Lair:4   | Found a staircase to the Slime Pits.
 23007 | Lair:4   | Reached skill level 11 in Summonings
 23924 | Lair:5   | Entered Level 5 of the Lair of Beasts
 23935 | Lair:5   | Reached skill level 10 in Spellcasting
 24446 | Lair:5   | Reached skill level 10 in Necromancy
 24476 | Lair:5   | Reached XP level 14. HP: 72/72 MP: 2/29
 24476 | Lair:5   | Gained a life (2 lives remaining)
 24646 | Lair:5   | Reached skill level 12 in Summonings
 25729 | Lair:5   | Killed from afar by a lindwurm
 25729 | Lair:5   | Lost a life (1 life remaining)
 26844 | D:13     | Found a gate to the Vaults.
 26859 | D:13     | HP: 3/72 [yaktaur captain/bolt (28)]
 28029 | D:14     | Reached skill level 13 in Summonings
 28182 | D:14     | Found Paojo's Specific Store.
 28266 | D:14     | Found Pehi's General Store.
 28279 | D:14     | Bought a scroll of silence for 133 gold pieces
 28279 | D:14     | Bought a potion of brilliance for 56 gold pieces
 28279 | D:14     | Bought a lightning rod (4/4) for 560 gold pieces
 28302 | D:14     | Found a portal to a secret trove of treasure.
 28319 | D:14     | Got Lehudib's Handbook of the Crystalline Discharge
 29106 | Orc:1    | Entered Level 1 of the Orcish Mines
 29107 | Orc:1    | Noticed an orc warlord
 29172 | Orc:1    | Killed an orc warlord
 29329 | Orc:1    | Noticed Erica
 29350 | Orc:1    | Killed Erica
 29394 | Orc:1    | Your ally Erica died
 29408 | Orc:1    | Found a dark tunnel.
 29412 | Volcano  | Entered a volcano
 29908 | Volcano  | Reached XP level 15. HP: 62/75 MP: 13/32
 29908 | Volcano  | Gained a life (2 lives remaining)
 30216 | Orc:1    | HP: 3/75 [orc knight/+0 halberd (7)]
 30219 | Orc:1    | Mangled by an orc knight
 30219 | Orc:1    | Lost a life (1 life remaining)
 30730 | Orc:2    | Entered Level 2 of the Orcish Mines
 30850 | Orc:1    | Found a bloodstained altar of Trog.
 31348 | Orc:2    | Noticed Snorg
 31374 | Orc:2    | Killed Snorg
 31578 | Orc:2    | Your ally Snorg died
 31586 | Orc:2    | Found a staircase to the Elven Halls.
 32180 | Orc:2    | Mangled by a soul eater
 32180 | Orc:2    | Lost a life (0 lives remaining)
 32364 | Orc:2    | Found Zionitz's Magic Scroll Boutique.
 32364 | Orc:2    | Found Faghuawk's Antique Armour Emporium.
 32366 | Orc:2    | Found Suarhic's Book Boutique.
 32366 | Orc:2    | Found Xiotim's Assorted Antiques.
 32376 | Orc:2    | Bought the Volume of Allies for 312 gold pieces
 32381 | Orc:2    | Learned a level 4 spell: Anguish
 32387 | Orc:2    | Learned a level 5 spell: Summon Forest
 32396 | Orc:2    | Learned a level 7 spell: Summon Hydra
 32397 | Orc:2    | Bought a pearl ring for 165 gold pieces
 32453 | Orc:2    | Reached skill level 14 in Summonings
 32760 | D:15     | Entered Level 15 of the Dungeon
 32855 | D:15     | Identified a scroll of acquirement
 32856 | D:15     | Acquired a ring of magical power
 33088 | D:15     | Reached skill level 1 in Hexes
 33088 | D:15     | Reached skill level 1 in Translocations
 33507 | D:15     | Found a staircase to the Depths.
 33820 | D:15     | Noticed Nessos
 33823 | D:15     | Killed Nessos
 34010 | D:15     | Reached skill level 5 in Hexes
 34010 | D:15     | Reached skill level 5 in Translocations
 34645 | Snake:1  | Entered Level 1 of the Snake Pit
 35291 | Snake:1  | Identified the serpent talisman of the Fiddle {Str+4 Int+4}
 35291 | Snake:1  | Noticed Aizul
 35306 | Snake:1  | Killed Aizul
 35342 | Snake:1  | Your ally Aizul died
 35757 | Snake:1  | Reached XP level 16. HP: 80/80 MP: 27/34
 35757 | Snake:1  | Gained a life (1 life remaining)
 37522 | Snake:2  | Reached skill level 15 in Summonings
 37654 | Snake:2  | Noticed Vashnia
 37804 | Snake:1  | Learned a level 3 spell: Mephitic Cloud
 37875 | Snake:2  | Found Moudgheaf's Armour Shop.
 37919 | Snake:2  | Noticed Agnes
 37928 | Snake:2  | Killed Agnes
 37955 | Snake:2  | Shot with an arrow by a naga sharpshooter
 37955 | Snake:2  | Lost a life (0 lives remaining)
 38157 | Snake:2  | Shot with an arrow by Vashnia

Illustrated notes

Levels and vault maps discovered:
D:1:      dpeg_chamrin_arrival_tetris, layout_basic
D:2:      layout_loops_cross, chequers_mini_garden
D:3:      layout_basic, uniq_sigmund
D:4:      layout_cave_pools, serial_shops, nicolae_square_shop,
          kennysheep_generic_room_4, uniq_robin, uniq_ijyb, uniq_menkaure
D:5:      layout_basic, chequers_arboretum, minmay_misc_feat_chi
D:6:      layout_basic, temple_green, uniq_grinder
D:7:      gammafunk_cloud_chamber, layout_cave_pools, serial_shops, shop,
          moated_statue, uniq_jeremiah
D:8:      layout_basic, enter_bailey_3, nicolae_looking_at_the_future,
          uniq_maurice
D:9:      layout_loops_ring, nicolae_overflows_in_rows,
          minmay_orc_entry_temple_small, serial_library_hellmonk_narrow_alcove,
          laboratory
D:10:     layout_roguey, lair_entry_dummy
D:11:     layout_roguey, gauntlet_entry_generic, hellmonk_ghost_happy_afterlife
D:12:     layout_irregular_city, uniq_lodul, uniq_rupert
D:13:     layout_loops_ring, david_vaults_2
D:14:     layout_rooms, dk_noncrumbling_3, enter_trove_2,
          nicolae_specific_store, grunt_ministairs_1, evilmike_minifort
D:15:     grunt_enter_depths_magical_seal, layout_irregular_city,
          minmay_misc_feat_cross, uniq_nessos
Temple:   nicolae_temple_figure_eight
Lair:1:   layout_regular_city, kennysheep_snail_temple
Lair:2:   wander_river, layout_chaotic_city, guppyfry_snake_entry_island,
          minivault_25
Lair:3:   layout_regular_city, mainiacjoe_swamp_entry_angry_trees, uniq_amaemon,
          uniq_fannar
Lair:4:   layout_cave_pods, dpeg_slime_entry_enclosed, serial_forest,
          infiniplex_forest_clump_medium, infiniplex_forest_lined_3_way,
          infiniplex_forest_straight_4, infiniplex_forest_clump_cross,
          infiniplex_forest_end_2, infiniplex_forest_straight_4,
          infiniplex_forest_clump_double
Lair:5:   minmay_lair_end_frog_pond, layout_regular_city, evilmike_ambush
          [evilmike_ambush_outer_pillars, evilmike_ambush_inner_basic],
          infiniplex_staircase_pool
Snake:1:  nrook_guardian_serpent_snake_passage, layout_honeycomb,
          nrook_loot_triangle, grunt_ministairs_13, serial_bayou_shore_a,
          uniq_aizul
Snake:2:  layout_basic, serial_shops, nicolae_shop_back_alley_shop,
          uniq_vashnia, uniq_agnes
Orc:1:    layout_caves, basic_altar, portal_ice_cave_entry_imps,
          nicolae_volcano_entry_lava_flow, uniq_erica
Orc:2:    grunt_orc_tribal_feast, layout_caves, blackcustard_rock_pile,
          uniq_snorg

Skill      XL: |  1  2  3  4  5  6  7  8  9 10 11 12 13 14 15 16 |
---------------+-------------------------------------------------+-----
Dodging        | 3 4 5 6 8 9 10 12 | 12.0
Stealth        | 3 4 5 6 7 8 9 10 | 10.4
Fighting       | 1 2 3 4 5 6 7 |  7.0
Necromancy     | 1 2 3 4 5 7 10 12 13 14 | 14.2
Spellcasting   | 3 4 5 6 7 8 10 12 13 14 | 14.0
Summonings     | 5 6 7 8 10 11 13 14 15 | 15.0
Fire Magic     | 2 3 4 5 |  5.0
Air Magic      | 2 3 4 5 7 |  7.0
Hexes          | 5 |  5.0
Translocations | 5 |  5.0

Action                     |  1- 3 |  4- 6 |  7- 9 | 10-12 | 13-15 | 16-18 || total
---------------------------+-------+-------+-------+-------+-------+-------++-------
  Melee: Unarmed           |     9 |    16 |    84 |   117 |   245 |    10 ||   481
         Bite              |       |     4 |    18 |    21 |    29 |     1 ||    73
         Punch             |       |     1 |       |     1 |     1 |     1 ||     4
   Cast: Summon Small Mamm |    41 |    19 |    28 |    12 |    57 |       ||   157
         Call Imp          |    19 |     8 |    22 |    10 |    40 |     1 ||   100
         Call Canine Famil |     5 |     7 |    16 |    17 |    39 |     2 ||    86
         Summon Blazeheart |       |     4 |    24 |    90 |    79 |     2 ||   199
         Summon Lightning  |       |       |     8 |    39 |   134 |     5 ||   186
         Animate Dead      |       |       |       |    11 |    38 |     4 ||    53
         Death Channel     |       |       |       |       |    72 |     7 ||    79
         Summon Hydra      |       |       |       |       |    32 |    34 ||    66
         Anguish           |       |       |       |       |    19 |    13 ||    32
         Summon Forest     |       |       |       |       |    18 |    10 ||    28
 Invoke: Unearth Wretches  |       |       |       |     1 |    37 |     3 ||    41
  Evoke: Wand              |       |     5 |     8 |     4 |    14 |       ||    31
         Phial of floods   |       |       |       |     1 |       |     1 ||     2
         Lightning rod     |       |       |       |       |     1 |       ||     1
    Use: Potion            |       |       |     4 |     1 |    10 |     3 ||    18
         Scroll            |       |       |    13 |    15 |    12 |     6 ||    46
   Stab: Sleeping          |     6 |     1 |     6 |     7 |     7 |     1 ||    28
         Distracted        |       |       |       |     4 |     5 |       ||     9
         Paralysed         |       |       |       |     1 |    42 |     3 ||    46
         Invisible         |       |       |       |       |     2 |       ||     2
 Armour: Skin              |     7 |     8 |    41 |    77 |   225 |    27 ||   385
  Dodge: Dodged            |    21 |    35 |   144 |   307 |   720 |    35 ||  1262

Table legend: (Time is in decaauts)
 A = Elapsed time spent in this place.
 B = Non-inter-level travel time spent in this place.
 C = Inter-level travel time spent in this place.
 D = Time resting spent in this place.
 E = Time spent auto-exploring this place.
 F = Levels seen in this place.
 G = Mean time per level.
                   A        B        C        D        E       F      G
               +--------+--------+--------+--------+--------+-----+--------+
         Total |  38261 |  35803 |   2458 |   8564 |  18689 |  26 | 1471.6 |
       Dungeon |  23990 |  22227 |   1763 |   6602 |  10965 |  15 | 1599.3 |
        Temple |      1 |      0 |      1 |      0 |      0 |   1 |    1.0 |
          Lair |   7227 |   6674 |    553 |    511 |   4244 |   5 | 1445.4 |
     Snake Pit |   3529 |   3438 |     91 |    838 |   1888 |   2 | 1764.5 |
  Orcish Mines |   2848 |   2799 |     49 |    351 |   1444 |   2 | 1424.0 |
       Volcano |    663 |    663 |      0 |    262 |    147 |   1 |  663.0 |
               +--------+--------+--------+--------+--------+-----+--------+

Top non-repeatable levels by time:
 Snake:1: 2784 daAuts
     D:7: 2463 daAuts
     D:9: 2334 daAuts
  Lair:5: 2167 daAuts
    D:10: 1957 daAuts
     D:8: 1854 daAuts
     D:3: 1764 daAuts
    D:15: 1719 daAuts
    D:11: 1707 daAuts
     D:5: 1692 daAuts
   Orc:2: 1680 daAuts
  Lair:3: 1628 daAuts
    D:12: 1589 daAuts
  Lair:4: 1351 daAuts
     D:4: 1341 daAuts
